 Dungeon Crawl Stone Soup version 0.25-a0-290-g4a1327ee3a (webtiles) character file.

Game seed: 16648737608459792675, levelgen mode: deterministic

84 Gwanngwann the Grave Robber (level 4, -4/34 HPs)
             Began as a Ghoul Necromancer on Dec 14, 2019.
             Slain by Sigmund
             ... wielding a +0 scythe
              (14 damage)
             ... on level 4 of the Dungeon.
             The game lasted 00:16:15 (3279 turns).

Gwanngwann the Grave Robber (Ghoul Necromancer)     Turns: 3279, Time: 00:16:15

Health: -4/34      AC:  4    Str: 12    XL:     4   Next: 46%
Magic:  5/5        EV: 12    Int: 10    God:
Gold:   141        SH:  0    Dex:  9    Spells: 5/6 levels left

rFire    . . .     SeeInvis .   b - +0 spear
rCold    + . .     Gourm    .   (no shield)
rNeg     + + +     Faith    .   t - +1 leather armour
rPois    ∞         Spirit   .   (no helmet)
rElec    .         Reflect  .   (no cloak)
rCorr    .         Harm     .   (no gloves)
MR       .....                  (no boots)
Stlth    ++........             (no amulet)
HPRegen  0.00/turn              (no ring)
MPRegen  0.09/turn              (no ring)

@: rotting
A: rotting body, claws 1, carnivore, cold resistance 1, negative energy
resistance 3, inhibited regeneration, torment resistance, unbreathing
a: no special abilities


You were on level 4 of the Dungeon.
You were not hungry.

You visited 1 branch of the dungeon, and saw 4 of its levels.

You collected 141 gold pieces.

Inventory:

Hand Weapons
 b - a +0 spear (weapon)
 d - a +1 hunting sling of freezing
 f - a +0 war axe
 i - a +0 mace
 j - a +0 quarterstaff
 q - a +0 rapier
 u - a +0 long sword
Missiles
 h - 3 atropa-tipped darts (quivered)
 o - 23 bolts
 v - 43 stones
 x - 16 sling bullets
Armour
 a - a +0 robe
 m - a +0 robe
 t - a +1 leather armour (worn)
 w - a +0 ring mail
 y - a +0 scale mail
Scrolls
 n - 2 scrolls of amnesia
 p - a scroll of magic mapping {unknown}
Potions
 g - a potion of agility {unknown}
 k - 2 potions of curing {unknown}
 l - 2 potions of haste
 r - a potion of lignification {unknown}
 s - a potion of cancellation {unknown}
Comestibles
 c - 8 rations


   Skills:
 + Level 0.7 Fighting
 + Level 1.0 Polearms
 + Level 2.2 Dodging
 + Level 3.1 Stealth
 + Level 1.9 Spellcasting
 + Level 4.7 Necromancy


You had 5 spell levels left.
You knew the following spells:

 Your Spells              Type           Power        Failure   Level  Hunger
a - Pain                  Necr           ##..         5%          1    ##.....

Your spell library contained the following spells:

 Spells                   Type           Power        Failure   Level  Hunger
 Animate Skeleton         Necr           N/A          5%          1    ##.....
 Vampiric Draining        Necr           ##........   17%         3    ####...
 Regeneration             Chrm/Necr      #.........   41%         3    ####...
 Animate Dead             Necr           N/A          50%         4    #####..


Dungeon Overview and Level Annotations

Branches:
Dungeon (4/15)
 Temple: D:4-7

Altars:
Cheibriados

Annotations:
D:4 Sigmund


Innate Abilities, Weirdness & Mutations

Your body is rotting away.
You thrive on raw meat.
You are immune to poison.
You have sharp fingernails.
You are carnivorous and can eat meat at any time.
Your flesh is cold resistant. (rC+)
You are immune to negative energy. (rN+++)
You do not regenerate when monsters are visible.
You are immune to unholy pain and torment.
You can survive without breathing.


Message History

The puff of flame hits you!
Sigmund says, "Now you see me, now you don't..."
Sigmund zaps a wand.
The puff of flame hits you! Sigmund closely misses you.
You closely miss Sigmund.
Sigmund says, "Your kind have come here before.
I understand now why.
You desire death..."
Sigmund barely misses you.
You barely miss Sigmund. You hit Sigmund but do no damage.
Sigmund hits you with a +0 scythe!
* * * LOW HITPOINT WARNING * * *
You closely miss Sigmund. Sigmund closely misses you.
You hit Sigmund.
Sigmund is lightly wounded.
You barely miss Sigmund.
Sigmund is lightly wounded.
Sigmund barely misses you.
You hit Sigmund but do no damage.
Sigmund is lightly wounded.
Sigmund hits you with a +0 scythe!
You die...

##########'# #.# #.# #.#
#.# #.# #.#
.#####################.#
......@@...............#
.#######################


You could see Sigmund.

Vanquished Creatures
  A gnoll (D:4)
  2 adders (D:2)
  An ooze (D:1)
  A dart slug (D:3)
  A leopard gecko (D:3)
  5 ball pythons
  4 giant cockroaches
  7 goblins
  4 hobgoblins
  6 bats
  6 frilled lizards
  7 kobolds
  7 rats
52 creatures vanquished.

Notes
Turn   | Place    | Note
-------+----------+-------------------------------------------
     0 | D:1      | Gwanngwann the Ghoul Necromancer began the quest for the
                  | Orb.
     0 | D:1      | Reached XP level 1. HP: 14/14 MP: 2/2
    99 | D:1      | Found a snail-covered altar of Cheibriados.
   124 | D:1      | Reached XP level 2. HP: 3/19 MP: 3/3
   246 | D:1      | HP: 1/20 [kobold/+0 dagger (2)]
  1022 | D:1      | Reached XP level 3. HP: 24/26 MP: 2/4
  2309 | D:3      | Reached XP level 4. HP: 33/34 MP: 2/5
  3029 | D:4      | Reached skill level 1 in Polearms
  3266 | D:4      | Noticed Sigmund
  3279 | D:4      | Slain by Sigmund

Levels and vault maps discovered:
D:1:      scummos_arrival_simple_crosswalls, layout_basic, hex_intersection,
          cheibriados_altar_1
D:2:      wad_pebble_path, layout_basic, first_ration, minmay_bisected
D:3:      layout_basic
D:4:      layout_basic, minmay_manual_mess, uniq_menkaure, uniq_sigmund

Skill      XL: |  1  2  3  4 |
---------------+-------------+-----
Dodging        | 2 |  2.2
Stealth        | 3 |  3.1
Polearms       | 1 |  1.0
Fighting       | |  0.7
Spellcasting   | |  1.9
Necromancy     | |  4.7

Action                   |  1- 3 |  4- 6 || total
-------------------------+-------+-------++-------
Melee: Spear             |   102 |    38 ||   140
       Unarmed           |     1 |       ||     1
 Fire: Hunting sling     |       |     3 ||     3
Throw: Dart              |     4 |       ||     4
 Cast: Pain              |     6 |     8 ||    14
  Use: Scroll            |     4 |     4 ||     8
       Potion            |     1 |       ||     1
 Stab: Sleeping          |     5 |     1 ||     6
  Eat: Chunk             |    12 |     3 ||    15
Armor: Robe              |    21 |     6 ||    27
       Leather armour    |       |     2 ||     2
Dodge: Dodged            |    63 |    38 ||   101

Table legend:
 A = Non-vault XP
 B = Vault XP
 C = Vault XP percentage of total XP
 D = Non-vault monster count
 E = Vault monster count
 F = Vault count percentage of total count
                 A         B        C        D         E       F
            +---------+---------+-------+---------+---------+-------
      Total |     101 |      20 |  16.5 |      47 |       5 |   9.6
            +---------+---------+-------+---------+---------+-------
        D:1 |      36 |       0 |   0.0 |      22 |       0 |   0.0
        D:2 |      24 |      20 |  45.5 |       9 |       5 |  35.7
        D:3 |      27 |       0 |   0.0 |      15 |       0 |   0.0
        D:4 |      14 |       0 |   0.0 |       1 |       0 |   0.0
            +---------+---------+-------+---------+---------+-------
